Unix NetHack Version 5.0.0-0 post-release - last build Jun 10 2026 00:39:30 (3ee93aec679c4c4259841fe613dc97188e26a321,branch:main).

Game began 2026-07-07 16:06:26, ended 2026-07-07 16:23:07.

DiePARTEI, neutral female human Tourist

  -----               --+----
  |...|               |.....|                                     -------
  |._.|               |......#                 -----              |.{[d.|
  |{..|              #-...e.|#                #+...|              |..P@.|
  |...|              #-------#                #|...|             #......|
  |...|              #       #               ##....-#            #-----|-
  -+-|-             ##       #               ##|.>.|#            #     #
    ##              #        #               # -----#            #     #
     #              #        #              ##      #            #     #
     #             ##     ####             ##       ##           #     #
     #             #      #----------------#         #           #     #
     #             #      #|..............|# #       #           #     ##
     ##        #####      #|.._...........-###       ##          #   ---.-
     #####     #          #-..............|           #          #   ....|
    -.---|----##           --------|-------           #          #   |.>.|
    |.....^..|#                    #                  #----------#   |...|
    |..<.....|#                                       #|........|#   |...|
    |........-#                                       #-.....*...##  |...|
    --------+-                                         ----------    -----

DiePARTEI the Sightseer     St:11 Dx:13 Co:16 In:13 Wi:9 Ch:14  Neutral
Dlvl:3  $:353 HP:0(31) Pw:13(13) AC:8  Xp:3 T:2091  Burdened

Latest messages:
 In what direction? 7
 Klunk!  The pipes vibrate noisily.
 In what direction? 7
 Klunk!  The pipes vibrate noisily.
 In what direction? 7
 A black ooze gushes up from the drain!
 In what direction? 7
 Your clumsy kick does no damage.
 The black pudding bites!
 Your bronze plate mail corrodes!
 In what direction? 4
 The dart hits the black pudding.
 The black pudding bites!
 Your bronze plate mail corrodes further!
 What do you want to drink? [yB or ?*] ?
 You feel much better.
 The black pudding bites!
 Your bronze plate mail corrodes completely!
 The black pudding bites!
 Your bronze plate mail looks completely corroded.
 Are you sure you want to pray? [yn] (n) y
 You begin praying to The Lady.
 You are surrounded by a shimmering light.
 You finish your prayer.
 You feel that The Lady is pleased.
 You feel much better.
 In what direction? 4
 The dart hits the black pudding.
 The dart corrodes!
 The black pudding bites!
 Your bronze plate mail looks completely corroded.
 In what direction? 4
 The dart misses the black pudding.
 In what direction? 4
 The dart hits the black pudding.
 The dart corrodes!
 In what direction? 4
 The dart hits the black pudding.
 The dart corrodes!
 The black pudding bites!
 Your bronze plate mail looks completely corroded.
 In what direction? 4
 The dart hits the black pudding.
 The dart corrodes!
 The black pudding bites!
 Your bronze plate mail looks completely corroded.
 You die...
 Do you want your possessions identified? [ynq] (y) y
 Do you want to see your attributes? [ynq] (y) y
 Do you want an account of creatures vanquished? [ynaq] (y) q

Inventory:
 Coins    ('$')
  $ - 353 gold pieces
 Weapons  (')')
  a - 18 +2 darts (at the ready)
  C - 11 cursed +1 shuriken
 Armor    ('[')
  m - an uncursed +0 pair of leather gloves (being worn)
  j - an uncursed +0 Hawaiian shirt with a tropical fish motif (being worn)
  u - a cursed thoroughly corroded -2 bronze plate mail (being worn)
  v - an uncursed +0 elven mithril-coat
 Comestibles  ('%')
  c - 4 uncursed slime molds
  d - 6 uncursed food rations
  f - an uncursed fortune cookie
  b - an uncursed tripe ration
 Scrolls  ('?')
  i - 4 uncursed scrolls of magic mapping
 Potions  ('!')
  B - an uncursed potion of polymorph
 Wands    ('/')
  p - a wand of secret door detection (0:14)
 Tools    ('(')
  l - an uncursed credit card
  k - an expensive camera (0:44)
  o - an uncursed skeleton key

DiePARTEI the Tourist's attributes:

Background:
 You were a Sightseer, a level 3 female human Tourist.
 You were neutral, on a mission for The Lady
 who was opposed by Blind Io (lawful) and Offler (chaotic).
 You were left-handed.
 You were in the Dungeons of Doom, on level 3.
 You entered the dungeon 2091 turns ago.
 You had 62 experience points, 18 more were needed to attain level 4.

Basics:
 You had 0 out of 31 hit points.
 You had all 13 energy points (spell power).
 Your armor class was 8.
 Your wallet contained 353 zorkmids.
 Autopickup was off.

Final Characteristics:
 Your strength was 11 (limit:18/100).
 Your dexterity was 13 (limit:18).
 Your constitution was 16 (limit:18).
 Your intelligence was 13 (limit:18).
 Your wisdom was 9 (limit:18).
 Your charisma was 14 (limit:18).

Final Status:
 You weren't hungry.
 You were burdened; movement was slightly slowed.
 You were empty handed.
 You had basic skill with bare handed combat.

Final Attributes:
 You were fervently aligned.
 You were telepathic.
 You would have confused monsters when hitting them.
 You were warded.
 You are dead.

Miscellaneous:
 You didn't encounter any bones levels.
 Total elapsed playing time was 16 minutes and 41 seconds.

Major events:
 Turn
    1: DiePARTEI the neutral female human Tourist entered the dungeon
 1573: attained the rank of Sightseer (level 3)
 2051: entered the Gnomish Mines
 2091: killed by a black pudding

You didn't know any spells.

Skills:
 Fighting Skills
   bare handed combat [Basic]
   two weapon combat  [Unskilled]
   riding             [Unskilled]
 Weapon Skills
   dagger             [Unskilled]
   knife              [Unskilled]
   axe                [Unskilled]
   pick-axe           [Unskilled]
   short sword        [Unskilled]
   broadsword         [Unskilled]
   long sword         [Unskilled]
   two-handed sword   [Unskilled]
   saber              [Unskilled]
   mace               [Unskilled]
   morning star       [Unskilled]
   flail              [Unskilled]
   hammer             [Unskilled]
   quarterstaff       [Unskilled]
   polearms           [Unskilled]
   spear              [Unskilled]
   trident            [Unskilled]
   lance              [Unskilled]
   bow                [Unskilled]
   sling              [Unskilled]
   crossbow           [Unskilled]
   dart               [Basic]
   shuriken           [Unskilled]
   boomerang          [Unskilled]
   whip               [Unskilled]
   unicorn horn       [Unskilled]
 Spellcasting Skills
   divination spells  [Unskilled]
   enchantment spells [Unskilled]
   escape spells      [Unskilled]

Voluntary challenges:
 Character rerolling was not enabled.
 You never hit with a wielded weapon.
 You never genocided any monsters.
 You never polymorphed an object.
 You never changed form.
 You used no wishes.
Achievements:
 You attained the rank of Sightseer.
 You entered the Gnomish Mines.

 The Dungeons of Doom: levels 1 to 3
    Level 1:
       An altar to The Lady.
    Level 2:
    Level 3: <- You were here.
       Some altars, a fountain, a sink.
       Stairs down to The Gnomish Mines.
       Final resting place for
          you, killed by a black pudding.
 The Gnomish Mines:
    Level 4:


Vanquished creatures:
  2 floating eyes
  a dwarf zombie
 an iguana
  2 hobbits
  2 giant rats
  2 cave spiders
  a gnome zombie
  2 geckos
  7 jackals
  3 kobolds
  3 grid bugs
  5 lichens
  a kobold zombie
  7 newts
39 creatures vanquished.

No species were genocided or became extinct.

Game over:
                       ----------
                      /          \
                     /    REST    \
                    /      IN      \
                   /     PEACE      \
                  /                  \
                  |    DiePARTEI     |
                  |      353 Au      |
                  |   killed by a    |
                  |  black pudding   |
                  |                  |
                  |                  |
                  |       2026       |
                 *|     *  *  *      | *
        _________)/\\_//(\/(/\)/\//\/|_)_______

Aloha DiePARTEI the Tourist...

You died in The Dungeons of Doom on dungeon level 3 with 454 points,
and 353 pieces of gold, after 2091 moves.
You were level 3 with a maximum of 31 hit points when you died.

